Map: Mothership LE

Players

Sindyr

  • Race: Terran Terran
  • League: Gold
  • Spawn Location: 1:00

durillo - Winner!

  • Race: Terran Terran
  • League: Gold
  • Spawn Location: 6:00

VOD

Have the link to the VOD?

Description

Time

  • Played on: Dec. 27, 2025, 4:57 p.m.
  • Length: 20:18
Show
View Real Time Build Order
Export as new Build Order

Sindyr Terran 

Build Orders:  

Get SALT Encoding   

  12  0:02  SCV  
  13  0:14  SCV  
  13  0:18  Supply Depot  
  14  0:26  SCV  
  15  0:40  SCV  
  16  0:44  Barracks  
  16  0:52  SCV  
  16  0:53  Refinery  
  17  1:04  SCV  
  18  1:16  SCV  
  20  1:37  Orbital Command  
  19  1:45  Command Center  
  19  2:05  Barracks Reactor  
  19  2:06  Barracks  
  19  2:08  SCV  
  20  2:20  SCV  
  20  2:21  Supply Depot  
  21  2:32  SCV  
  22  2:43  Refinery  
  22  2:44  SCV  
  24  2:52  Reaper x2  
  24  2:56  Marine, SCV  
  26  2:59  Orbital Command  
  26  3:08  Supply Depot, SCV  
  25  3:13  Marine  
  26  3:20  SCV  
  26  3:26  Marine  
  26  3:27  Marine  
  27  3:31  Marine  
  25  3:44  Marine x2  
  25  3:47  Barracks  
  27  3:49  Marine  
  28  4:02  Marine x2  
  28  4:07  Marine  
  28  4:08  SCV  
  29  4:17  SCV  
  29  4:20  SCV, Marine  
  32  4:27  Factory  
  32  4:30  SCV  
  33  4:32  SCV  
  33  4:36  Barracks Tech Lab  
  33  4:37  Barracks Reactor  
  34  4:42  SCV  
  34  4:44  SCV  
  35  4:54  SCV  
  35  4:56  SCV  
  35  4:58  Stimpack  
  37  5:04  Refinery  
  37  5:06  SCV  
  38  5:08  SCV  
  38  5:11  Command Center  
  39  5:14  Bunker, Marine x3  
  39  5:15  Marine x2  
  39  5:20  SCV  
  45  5:30  Engineering Bay  
  45  5:31  SCV  
  45  5:32  Marine x2, SCV  
  49  5:43  SCV  
  49  5:57  Factory Reactor  
  49  5:59  Starport  
  49  6:04  Terran Infantry Weapons Level 1  
  49  6:07  SCV x2  
  51  6:13  Supply Depot  
  51  6:16  Supply Depot  
  51  6:18  Marine x3  
  53  6:22  Marine, SCV x2  
  57  6:34  SCV x2  
  57  6:37  Combat Shield  
  57  6:38  Supply Depot  
  59  6:46  SCV  
  55  6:47  Marine  
  55  6:48  Marine x3, Marauder  
  55  6:50  Refinery  
  51  7:05  Marine x3  
  51  7:06  Marine  
  55  7:10  Marauder  
  55  7:14  Factory Tech Lab  
  57  7:21  Medivac x2  
  61  7:23  Marine x4  
  61  7:27  Armory  
  65  7:31  Marauder  
  67  7:37  Sensor Tower  
  67  7:41  Marine  
  58  7:44  Marine x2  
  58  7:45  Marine  
  59  7:51  Medivac  
  59  7:52  Marine  
  59  7:57  Sensor Tower  
  61  7:59  Marine  
  61  8:02  Marine x3  
  61  8:05  Siege Tank  
  65  8:10  Marine  
  65  8:16  Marine  
  65  8:17  SCV x2  
  66  8:20  Marine x3  
  68  8:28  Marauder  
  68  8:29  SCV x2  
  60  8:34  Marine  
  60  8:37  Siege Tank  
  60  8:38  Marine x3  
  60  8:41  SCV x2  
  62  8:49  Marine  
  62  8:52  Marine  
  62  8:53  SCV x2  
  62  8:54  Viking x2  
  68  8:55  Marine  
  68  8:56  Marine x2  
  67  9:07  Marauder  
  67  9:08  Supply Depot x2  
  67  9:09  Supply Depot  
  69  9:10  Marine  
  61  9:21  Marine x3  
  61  9:24  Viking x2  
  64  9:28  Marine  
  64  9:29  Marauder  
  62  9:35  Siege Tank  
  53  9:39  Marine x3  
  51  9:46  Marine  
  51  9:50  Marine  
  51  9:54  Viking x2  
  51  9:57  Marine x3  
  57  10:01  SCV  
  57  10:03  Marine  
  53  10:13  SCV  
  47  10:25  SCV  
  43  10:33  Marine x4  
  43  10:34  Marauder  
  46  10:37  SCV  
  46  10:39  Terran Infantry Armor Level 1  
  43  10:49  SCV  
  42  10:51  Marine x4  
  42  10:55  Marauder  
  45  11:08  Marine  
  45  11:09  Marine  
  45  11:24  SCV  
  45  11:36  SCV, Command Center  
  46  11:41  Marine  
  46  11:42  Marine x3  
  46  11:45  Marine  
  46  11:46  Sensor Tower  
  51  11:48  SCV  
  52  11:57  Medivac  
  52  11:59  Medivac  
  52  12:00  SCV  
  57  12:15  Sensor Tower  
  58  12:22  Planetary Fortress  
  57  12:23  SCV  
  58  12:30  Refinery  
  58  12:33  Refinery  
  58  12:35  SCV  
  59  12:38  Marine x4  
  63  12:47  SCV  
  64  12:54  Orbital Command  
  64  12:58  SCV  
  65  13:00  SCV  
  66  13:10  SCV  
  66  13:12  SCV  
  68  13:15  Concussive Shells  
  68  13:17  Terran Infantry Weapons Level 2  
  68  13:21  Terran Vehicle Weapons Level 1  
  68  13:22  SCV  
  68  13:24  SCV  
  68  13:26  SCV  
  71  13:34  SCV  
  71  13:38  SCV  
  73  13:50  SCV  
  73  14:00  Marine x4  
  73  14:01  Marine  
  73  14:02  Thor  
  84  14:04  Medivac x2  
  88  14:18  Marine x5  
  88  14:23  SCV x3  
  96  14:33  Medivac  
  96  14:35  SCV x3  
  96  14:36  Barracks, Marine  
  102  14:38  Barracks  
  102  14:42  Barracks  
  102  14:47  SCV x3  
  105  14:59  SCV x3  
  108  15:01  Supply Depot  
  108  15:05  Supply Depot  
  108  15:11  SCV  
  108  15:12  Starport  
  108  15:14  Starport  
  109  15:17  Factory  
  109  15:20  Marine x4  
  109  15:21  Marine  
  114  15:22  Medivac  
  114  15:23  SCV  
  114  15:25  Supply Depot  
  117  15:35  SCV  
  117  15:37  Barracks Tech Lab, Barracks Reactor x2  
  117  15:38  Marine x3  
  120  15:51  Marine  
  120  15:52  Marine  
  120  15:55  Marine  
  120  15:56  Marine x3  
  90  16:09  Marine  
  90  16:10  Marauder  
  82  16:12  Marine  
  82  16:13  Marine x2  
  82  16:14  Marine x2  
  82  16:15  Marine  
  83  16:20  Viking  
  83  16:24  Missile Turret  
  73  16:28  Marine x2  
  73  16:30  Marine  
  73  16:31  Marine x2, Marauder  
  73  16:32  Marine  
  79  16:37  Viking  
  79  16:40  Marine  
  79  16:45  Marine  
  79  16:46  Marine  
  76  16:49  Marine x2  
  76  16:50  Viking  
  76  16:53  Marauder  
  71  17:05  Marine x5  
  71  17:06  Marine  
  71  17:07  Marine  
  76  17:14  Marauder  
  76  17:18  Viking  
  82  17:23  Marine x3  
  82  17:24  Factory Tech Lab  
  81  17:37  Starport Reactor  
  81  17:39  Command Center  
  81  17:43  Engineering Bay  
  81  17:44  Engineering Bay  
  81  17:48  Viking  
  82  17:55  Starport Reactor  
  82  17:59  Marine x3  
  82  18:00  Marauder x2, Marine x3  
  91  18:10  Armory  
  91  18:16  Marine  
  91  18:17  Marine x2  
  91  18:18  Marine x3  
  95  18:20  Marine  
  95  18:21  Marauder  
  91  18:32  Armory  
  91  18:33  Command Center  
  91  18:42  Missile Turret  
  91  18:45  Missile Turret  
  91  18:50  Command Center  
  90  19:50  Missile Turret  
  90  19:51  Missile Turret  
  90  19:54  Missile Turret  
  90  19:55  Marine x5  
  90  19:56  Marine  
Show
View Real Time Build Order
Export as new Build Order

durillo Terran - Winner!

Build Orders:  

Get SALT Encoding   

  12  0:01  SCV  
  13  0:17  Supply Depot, SCV  
  14  0:29  SCV  
  14  0:34  Refinery  
  15  0:42  SCV  
  16  0:50  Barracks  
  16  0:54  SCV  
  17  1:06  SCV  
  18  1:12  Barracks  
  18  1:18  SCV  
  19  1:30  SCV  
  20  1:38  Supply Depot  
  20  1:40  Refinery  
  20  1:42  Reaper  
  21  1:51  SCV  
  22  2:00  Reaper  
  23  2:05  SCV  
  24  2:14  Reaper  
  25  2:18  Orbital Command  
  25  2:25  Factory  
  25  2:38  Reaper  
  27  2:44  SCV  
  27  2:57  Command Center  
  27  2:59  SCV  
  27  3:44  Reaper x2  
  27  3:47  Factory Tech Lab  
  29  3:54  Starport  
  27  4:19  Orbital Command  
  27  4:24  Siege Tank  
  27  4:25  Refinery  
  27  4:28  Engineering Bay  
  27  4:29  Barracks Reactor  
  30  4:35  Barracks Tech Lab  
  30  4:57  Stimpack  
  30  5:01  Marauder  
  30  5:05  Siege Tank  
  35  5:12  Starport Reactor  
  35  5:13  Missile Turret  
  35  5:17  Marine  
  35  5:18  Marine  
  37  5:22  SCV  
  37  5:23  SCV  
  39  5:29  Command Center  
  39  5:31  Supply Depot  
  39  5:33  Supply Depot  
  39  5:35  SCV x2  
  40  5:53  Liberator  
  40  5:54  Viking  
  45  6:03  Siege Tank  
  48  6:06  SCV x2  
  50  6:14  Refinery  
  50  6:15  Marine, Marauder  
  53  6:18  SCV x2  
  55  6:30  Factory  
  55  6:44  Missile Turret  
  53  7:05  Viking x2  
  57  7:21  Factory Tech Lab  
  57  7:22  Siege Tank  
  60  7:30  Command Center  
  60  7:31  Terran Infantry Weapons Level 1  
  60  7:33  Concussive Shells  
  60  8:16  Combat Shield  
  60  9:03  Viking  
  60  9:04  Viking  
  59  9:33  Viking  
  59  9:34  Viking  
  61  10:03  Viking x2  
  60  10:14  Orbital Command  
  60  10:18  Siege Tank x2  
  60  10:32  Starport  
  60  10:33  Starport, Viking x2  
  64  10:37  Armory  
  64  10:40  Neosteel Armor, Armory  
  60  10:50  Siege Tank x2  
  60  10:55  SCV x2  
  60  10:56  SCV  
  69  11:03  Viking x2  
  73  11:06  Supply Depot  
  73  11:07  SCV  
  73  11:08  SCV x2, Supply Depot  
  73  11:25  Missile Turret  
  71  11:27  Starport Reactor x2  
  71  11:33  Thor  
  71  11:34  Siege Tank  
  80  11:52  SCV x3, Refinery  
  83  11:54  Refinery  
  83  11:55  Planetary Fortress  
  83  12:01  Terran Vehicle Weapons Level 1, Terran Vehicle And Ship Armor Level 1  
  83  12:04  SCV x3  
  86  12:09  Smart Servos  
  86  12:20  Missile Turret  
  86  12:22  Missile Turret  
  86  12:25  Terran Infantry Armor Level 1  
  86  12:36  SCV x3  
  86  12:37  SCV  
  90  12:45  Supply Depot  
  90  12:47  Supply Depot  
  90  12:48  SCV x3, Supply Depot  
  90  12:49  SCV  
  94  13:03  Sensor Tower  
  94  13:06  Marine x2, Marauder  
  94  13:10  Thor x2  
  110  13:12  Viking  
  110  13:13  Viking x3  
  110  13:17  Viking  
  120  13:21  Refinery  
  120  13:23  SCV, Refinery, Marine  
  120  13:24  Marine  
  123  13:27  Marauder  
  125  13:35  SCV  
  125  13:36  Supply Depot  
  125  13:38  Supply Depot  
  125  13:40  Supply Depot  
  126  13:41  Marine  
  126  13:42  Marine  
  126  13:47  SCV  
  126  13:48  Marine  
  129  13:52  Thor  
  136  13:57  Thor  
  136  13:59  Marine, SCV  
  136  14:00  Marine, Viking  
  136  14:01  Viking x4  
  155  14:06  Viking  
  157  14:11  SCV, Terran Ship Weapons Level 1  
  158  14:23  SCV  
  159  14:28  Terran Vehicle And Ship Armor Level 2  
  159  14:35  SCV  
  160  14:48  SCV, Factory x2  
  160  14:51  Viking  
  163  14:54  Factory  
  163  14:57  Viking x4  
  163  14:58  Supply Depot  
  171  15:00  SCV  
  172  15:18  Command Center  
  172  15:20  SCV  
  173  15:26  Supply Depot  
  173  15:33  Factory Tech Lab x2  
  173  15:38  Factory Tech Lab  
  173  15:50  Supply Depot  
  125  16:44  Viking  
  127  16:48  Viking x5  
  133  17:14  Viking  
  131  17:18  Viking x4  
  139  17:31  Thor x5  
  151  17:51  Viking x4  
  177  18:03  Refinery  
  175  18:10  Viking x2  
  179  18:14  Thor x3  
  189  18:21  Viking x2  
  179  18:33  Viking x2  
  183  18:40  Viking x2  
  187  18:51  Viking x2  
  191  19:10  Command Center  
  191  19:14  Refinery  
  191  19:15  Command Center  
  191  19:18  Thor  
  191  19:19  Siege Tank  
Tags
 
League
GoldGold
Matchup
TvT
Race
Terran
Replay Pack
Multiplayer
Spawn Locations
Cross Positions
Add a new tag
Caveats
  • Supply blocks, unpowered buildings, or Contaminate may cause inaccurate times.
  • Supply counts are checked every 10 seconds.